 Dungeon Crawl Stone Soup version 0.22.1-1-ga44c0e5 (webtiles) character file.

408 lysyklops the Skirmisher (level 6, -3/40 HPs)
             Began as a Gargoyle Fighter on Sept 30, 2018.
             Killed from afar by an orc wizard (8 damage)
             ... with a puff of flame
             ... on level 5 of the Dungeon.
             The game lasted 00:07:25 (3531 turns).

lysyklops the Skirmisher (Gargoyle Fighter)         Turns: 3531, Time: 00:07:26

Health: -3/40      AC: 13    Str: 21    XL:     6   Next: 88%
Magic:  6/6        EV:  7    Int:  9    God:
Gold:   181        SH:  9    Dex:  9    Spells: 5/5 levels left

rFire    . . .     SeeInvis .   a - +0 flail
rCold    . . .     Gourm    .   c - +0 shield
rNeg     + . .     Faith    .   b - +0 scale mail
rPois    ∞         Spirit   .   (no helmet)
rElec    +         Reflect  .   (no cloak)
rCorr    .         Harm     .   w - +1 pair of gloves {archery}
MR       .....                  (no boots)
Stlth    ..........             (no amulet)
HPRegen  0.13/turn              (no ring)
MPRegen  0.10/turn              (no ring)

@: no status effects
A: negative energy resistance 1, electricity resistance, unbreathing,
petrification resistance, rot immunity, AC +4
a: no special abilities


You were on level 5 of the Dungeon.
You were hungry.

You visited 1 branch of the dungeon, and saw 5 of its levels.

You collected 181 gold pieces.

Inventory:

Hand Weapons
 a - a +0 flail (weapon)
Armour
 b - a +0 scale mail (worn)
 c - a +0 shield (worn)
 w - a +1 pair of gloves of archery (worn)
 x - a +1 pair of gloves
Jewellery
 m - a cursed -2 ring of protection {unknown}
 n - an uncursed ring of poison resistance {unknown}
 r - a cursed amulet of inaccuracy {unknown}
 y - an uncursed ring of see invisible {unknown}
Scrolls
 g - a scroll of immolation {unknown}
 h - a scroll of random uselessness {unknown}
 k - a scroll of blinking {unknown}
 l - a scroll of remove curse {unknown}
 p - a scroll of enchant armour {unknown}
 q - 6 scrolls of teleportation {unknown}
 t - 6 scrolls of identify {unknown}
 u - a scroll of magic mapping {unknown}
 v - a scroll of fog {unknown}
 z - a scroll of fear {unknown}
Potions
 d - a potion of might
 e - 2 potions of flight {unknown}
 i - a potion of ambrosia {unknown}
 j - a potion of curing {unknown}
 o - a potion of haste {unknown}
 s - 3 potions of cancellation {unknown}
 B - a potion of heal wounds {unknown}
Comestibles
 f - 8 rations
 A - a chunk of flesh


   Skills:
 + Level 5.0 Fighting
 + Level 3.9 Maces & Flails
 + Level 4.9 Armour
 + Level 4.9 Shields


You had 5 spell levels left.
You didn't know any spells.
Your spell library was empty.

Dungeon Overview and Level Annotations

Branches:
Dungeon (5/15)
 Temple: D:4-7

Altars:
Ashenzari
Hepliaklqana
Okawaru
Trog
Vehumet
Wu Jian
Zin
The Shining One


Innate Abilities, Weirdness & Mutations

You are resistant to torment.
Your stone body is resilient. (AC +4)
You are immune to poison.
You resist negative energy. (rN+)
You are resistant to electric shocks. (rElec)
You can survive without breathing.
You are immune to petrification.
You are immune to rotting.


Message History

You block something's attack. The dart slug launches a dart at you.
The slug dart hits something.
You block something's attack.
You barely miss something. Something hits you but does no damage.
You miss something.
You hear some strange, mumbled words.
A puff of frost appears from out of thin air!
The puff of frost hits you!
* * * LOW HITPOINT WARNING * * *
You block something's attack.
You miss something. Something hits you but does no damage.
An orc wizard appears from thin air!
Reactivating autopickup.
The orc wizard miscasts a cantrip.
The orc wizard casts a spell at you. The puff of frost hits you!
* * * LOW HITPOINT WARNING * * *
The orc wizard points at you and mumbles some strange words.
The puff of flame hits you!
You die...

#...###.......#.#..#.# ...
#...#.......###.#..#.#....
#...#.......###.#........#
#...#...........#.<......#
#...#####.#.#####........#
........#............#####
####....###w#####.####
#....#.)soo..#....#
#....#.#.##..@###.#
#....#+#.##.....# #
#........##.....#
#.......)..._...#
####..............
..............=...#
.........._..8.._..#
........#..........#
........#.._..._..


You could see a scorpion, an orc wizard, a dart slug and an orc.

Vanquished Creatures
  A scorpion (D:4)
  A hound (D:5)
  A centaur skeleton (D:4)
  Terence (D:3)
  2 orc wizards (D:3)
  A worker ant (D:5)
  5 gnolls
  4 adders
  An ooze (D:3)
  6 worms
  2 dart slugs
  5 leopard geckos
  10 orcs
  8 bats
  5 goblins
  8 hobgoblins
  3 jackals (D:3)
  3 quokkas
  A ball python (D:1)
  4 frilled lizards
  9 kobolds
  2 leopard gecko skeletons
  9 rats
92 creatures vanquished.

Vanquished Creatures (others)
  A bat (D:1)
1 creature vanquished.

Grand Total: 93 creatures vanquished

Notes
Turn   | Place    | Note
-------+----------+-------------------------------------------
     0 | D:1      | lysyklops the Gargoyle Fighter began the quest for the Orb.
     0 | D:1      | Reached XP level 1. HP: 14/14 MP: 1/1
   233 | D:1      | Reached XP level 2. HP: 14/19 MP: 2/2
   794 | D:2      | Reached XP level 3. HP: 20/23 MP: 3/3
  1004 | D:2      | Found a shattered altar of Ashenzari.
  1025 | D:2      | Reached XP level 4. HP: 20/29 MP: 4/4
  1054 | D:2      | Found a faded altar of an unknown god.
  1534 | D:2      | Reached skill level 4 in Fighting
  1733 | D:3      | Reached XP level 5. HP: 33/33 MP: 5/5
  1945 | D:3      | Noticed Terence
  1955 | D:3      | Killed Terence
  2402 | D:3      | Noticed a moth of wrath
  2405 | D:3      | Found a bloodstained altar of Trog.
  2428 | D:3      | Reached XP level 6. HP: 25/39 MP: 6/6
  3218 | D:4      | Found an iron altar of Okawaru.
  3392 | D:5      | Entered Level 5 of the Dungeon
  3421 | D:5      | Found a radiant altar of Vehumet.
  3470 | D:5      | Found a glowing golden altar of the Shining One.
  3472 | D:5      | Found a hazy altar of Hepliaklqana.
  3475 | D:5      | Found an ornate altar of the Wu Jian Council.
  3478 | D:5      | Found a glowing silver altar of Zin.
  3506 | D:5      | Reached skill level 5 in Fighting
  3531 | D:5      | Killed from afar by an orc wizard

Skill      XL: |  1  2  3  4  5  6 |
---------------+-------------------+-----
Fighting       | 4 5 |  5.0
Armour         | 4 |  4.9
Shields        | 4 |  4.9
Maces & Flails | 3 |  3.9

Action                   |  1- 3 |  4- 6 || total
-------------------------+-------+-------++-------
Melee: Flail             |   148 |   308 ||   456
  Eat: Chunk             |       |     9 ||     9
Armor: Scale mail        |    84 |   173 ||   257
Dodge: Dodged            |    42 |    95 ||   137
Block: Shield            |    83 |   178 ||   261
